 Dungeon Crawl Stone Soup version 0.23.0-3-gf3c87f2 (webtiles) character file.

Game seed: 8890203796084606972

93 misha the Slasher (level 4, -5/33 HPs)
             Began as a Merfolk Gladiator on Feb 22, 2019.
             Slain by an ogre
             ... wielding a +0 giant spiked club
              (20 damage)
             ... on level 3 of the Dungeon.
             The game lasted 00:05:22 (2561 turns).

misha the Slasher (Merfolk Gladiator)               Turns: 2561, Time: 00:05:22

Health: -5/33      AC:  4    Str: 15    XL:     4   Next: 61%
Magic:  4/4        EV: 14    Int:  7    God:
Gold:   103        SH:  0    Dex: 15    Spells: 3/3 levels left

rFire    . . .     SeeInvis .   a - +0 long sword
rCold    . . .     Gourm    .   (no shield)
rNeg     . . .     Faith    .   b - +0 leather armour
rPois    .         Spirit   .   q - +0 helmet
rElec    .         Reflect  .   (no cloak)
rCorr    .         Harm     .   (no gloves)
MR       .....                  (no boots)
Stlth    +.........             (no amulet)
HPRegen  0.11/turn              (no ring)
MPRegen  0.09/turn              (no ring)

@: lethally poisoned (-5 -> -7)
A: change form in water, swift swim, stealthy swim
a: no special abilities


You were on level 3 of the Dungeon.
You were not hungry.

You visited 1 branch of the dungeon, and saw 3 of its levels.

You collected 103 gold pieces.

Inventory:

Hand Weapons
 a - a +0 long sword (weapon)
Missiles
 d - 3 throwing nets (quivered)
 e - 62 stones
 g - 10 arrows
 o - 13 poisoned needles
 p - 2 javelins
Armour
 b - a +0 leather armour (worn)
 c - a +0 helmet
 q - a +0 helmet (worn)
Scrolls
 i - a scroll of enchant armour {unknown}
 j - a scroll of remove curse {unknown}
 l - a scroll of identify {unknown}
 n - 2 scrolls of fog {unknown}
Potions
 h - a potion of haste {unknown}
 k - a potion of resistance {unknown}
 m - a potion of agility {unknown}
Comestibles
 f - a ration


   Skills:
 - Level 2.1 Fighting
 + Level 5.7 Long Blades
 - Level 2.0 Throwing
 - Level 4.0 Dodging


You had 3 spell levels left.
You didn't know any spells.
Your spell library was empty.

Dungeon Overview and Level Annotations

Branches:
Dungeon (3/15)

Altars:
Makhleb
Trog


Message History

You are too injured to fight recklessly!
You barely miss the bat.
You feel sick. The bat hits you but does no damage.
You hit the bat but do no damage. The bat closely misses you.
The bat barely misses you.
You riposte.
You barely miss the bat. You barely miss the bat. The bat closely misses you.
You closely miss the bat.
You feel sick. The bat closely misses you.
You riposte.
You slash the bat!
You kill the bat!
The adder barely misses you.
You riposte.
You hit the adder but do no damage. You slash the adder!
You kill the adder!
You hit the ogre.
The ogre is lightly wounded.
The ogre closely misses you.
You riposte.
You hit the ogre.
The ogre is moderately wounded.
You hit the ogre.
The ogre is heavily wounded.
The ogre hits you with a +0 giant spiked club!!
Ouch! That really hurt!
You die...

### #########....
#.........# #
######..##...(.# ..
#..@OK..##.###...#.
#.####..##b# ....
.. .#...†###.....
#. ##.###..$......>
# . ##.##.#... .
###.#..$...
#.....#.. #.#.#...#
#.#.##[##


You could see an ogre and a kobold.

Vanquished Creatures
  A gnoll (D:1)
  3 adders
  An ooze (D:1)
  2 worms (D:2)
  A dart slug (D:2)
  A leopard gecko (D:2)
  3 giant cockroaches
  2 goblins (D:1)
  4 hobgoblins
  5 jackals (D:1)
  12 bats
  4 frilled lizards
  2 kobolds (D:1)
  5 rats
46 creatures vanquished.

Notes
Turn   | Place    | Note
-------+----------+-------------------------------------------
     0 | D:1      | misha the Merfolk Gladiator began the quest for the Orb.
     0 | D:1      | Reached XP level 1. HP: 16/16 MP: 1/1
    81 | D:1      | Reached XP level 2. HP: 16/22 MP: 2/2
   288 | D:1      | Reached skill level 4 in Long Blades
   576 | D:1      | Reached XP level 3. HP: 27/27 MP: 3/3
  1517 | D:2      | Reached skill level 5 in Long Blades
  1551 | D:2      | Found a burning altar of Makhleb.
  1553 | D:2      | Found a bloodstained altar of Trog.
  1887 | D:2      | Reached XP level 4. HP: 33/33 MP: 4/4
  2527 | D:3      | Noticed an ogre
  2561 | D:3      | Slain by an ogre

Skill      XL: |  1  2  3 |
---------------+----------+-----
Long Blades    | 4 5 |  5.7
Fighting       | |  2.1
Throwing       | |  2.0
Dodging        | |  4.0

Action                   |  1- 3 |  4- 6 || total
-------------------------+-------+-------++-------
Melee: Long sword        |    88 |    20 ||   108
 Stab: Sleeping          |     2 |       ||     2
  Eat: Chunk             |     2 |     2 ||     4
       Ration            |       |     1 ||     1
Armor: Leather armour    |    25 |     8 ||    33
Dodge: Dodged            |    78 |    23 ||   101
       Rpst.: Long sword |    40 |     8 ||    48
